 Dungeon Crawl Stone Soup version 0.30-a0-737-gf23d94013f (webtiles) character file.

Game seed: 2438553352301041181

2485 Darius099 the Destroyer (level 9, -7/57 HPs)
             Began as a Human Conjurer on Feb 1, 2023.
             Was a Believer of Sif Muna.
             Mangled by a wyvern (17 damage)
             ... on level 8 of the Dungeon.
             The game lasted 00:27:38 (7351 turns).

Darius099 the Destroyer (Human Conjurer)            Turns: 7351, Time: 00:27:39

Health: -7/57      AC:  7    Str:  9    XL:     9   Next: 81%
Magic:  16/19      EV: 10    Int: 24    God:    Sif Muna [**....]
Gold:   408        SH: 10    Dex: 22    Spells: 15/21 levels left

rFire   . . .      SeeInvis .    g - +7 long sword "Laubisiodu" {vamp, rElec}
rCold   . . .      Faith    .    H - +0 kite shield
rNeg    . . .      Spirit   .    o - +1 leather armour of the Saviour {Int+2 Dex+5}
rPois   .          Reflect  .    a - +0 helmet
rElec   +          Harm     .    u - +0 cloak
rCorr   .          Rampage  .    v - +0 pair of gloves
Will    .....                    (no boots)
Stlth   ++                       (no amulet)
HPRegen 0.29/turn                w - ring of wizardry
MPRegen 0.16/turn                y - +6 ring of dexterity

@: no status effects
A: no striking features
a: Renounce Religion, Channel Magic


You were on level 8 of the Dungeon.
You worshipped Sif Muna.
Sif Muna was pleased with you.
You visited 1 branch of the dungeon, and saw 8 of its levels.
You also visited: Sewer.

You collected 506 gold pieces.
You spent 98 gold pieces at shops.

Inventory:

Hand Weapons
 g - the +7 long sword "Laubisiodu" (weapon) {vamp, rElec}
   (You found it on level 3 of the Dungeon)

   rElec:     It insulates you from electricity.
Armour
 a - a +0 helmet (worn)
 o - the +1 leather armour of the Saviour (worn) {Int+2 Dex+5}
   (You found it on level 3 of the Dungeon)

   Int:       It affects your intelligence (+2).
   Dex:       It affects your dexterity (+5).
 u - a +0 cloak (worn)
 v - a +0 pair of gloves (worn)
 H - a +0 kite shield (worn)
Jewellery
 q - a ring of fire
 w - a ring of wizardry (left hand)
 y - a +6 ring of dexterity (right hand)
 G - a ring of willpower
Wands
 e - a wand of flame (16)
 C - a wand of iceblast (7)
 E - a wand of polymorph (7)
 I - a wand of paralysis (8)
Scrolls
 d - 2 scrolls of vulnerability {unknown}
 f - 5 scrolls of teleportation
 h - a scroll of enchant armour {unknown}
 i - 3 scrolls of magic mapping {unknown}
 j - a scroll of amnesia {unknown}
 n - 3 scrolls of enchant weapon
 p - a scroll of noise {unknown}
 s - 2 scrolls of silence {unknown}
 z - a scroll of immolation {unknown}
 D - 3 scrolls of fog {unknown}
 F - a scroll of blinking {unknown}
 J - a scroll of identify
Potions
 b - 3 potions of magic
 c - 2 potions of might {unknown}
 k - 5 potions of flight
 l - 2 potions of heal wounds
 m - 2 potions of curing
 r - a potion of haste
 t - 2 potions of mutation {unknown}
 x - 2 potions of berserk rage {unknown}
 A - a potion of brilliance {unknown}
 B - a potion of cancellation {unknown}


   Skills:
 + Level 6.8 Long Blades
 - Level 2.3 Dodging
 - Level 2.4 Stealth
 + Level 1.9 Shields
 + Level 6.9 Spellcasting
 - Level 8.0 Conjurations


You had 15 spell levels left.
You knew the following spells:

 Your Spells              Type           Power      Damage    Failure   Level
a - Magic Dart            Conj           100%       1d8       1%          1
b - Searing Ray           Conj           94%        2d7       1%          2
c - Dazzling Flash        Conj/Hex       54%        N/A       8%          3

Your spell library contained the following spells:

 Spells                   Type           Power      Damage    Failure   Level
 Apportation              Tloc           16%        N/A       14%         1
 Necrotise                Necr           32%        1d5       14%         1
 Summon Small Mammal      Summ           32%        N/A       14%         1
 Fulminant Prism          Conj/Hex       13%        3d8       26%         4
 Iskenderun's Mystic Bla  Conj/Tloc      27%        2d7       26%         4
 Sticky Flame             Conj/Fire      27%        2d5       26%         4
 Call Canine Familiar     Summ           8%         N/A       38%         3
 Ignite Poison            Fire/Tmut/Pois 8%         N/A       38%         3
 Portal Projectile        Hex/Tloc       16%        N/A       38%         3
 Leda's Liquefaction      Hex/Erth       4%         N/A       77%         4
 Ignition                 Fire           4%         3d4       100%        8


Dungeon Overview and Level Annotations

Branches:
Dungeon (8/15)             Temple (0/1) D:4           Sewer (visited)
   Lair: D:8-11

Altars:
Dithmenos
Fedhas
Gozag
Hepliaklqana
Sif Muna
Xom

Shops:
D:4 [*


Message History

The bullfrog hits you.
You slash the bullfrog!
You feel better.
You kill the bullfrog!
Sif Muna accepts your kill. The orc hits you but does no damage.
You block the wyvern's attack.
You hit the wyvern.
The wyvern is lightly wounded.
The wyvern barely misses you. The orc hits you but does no damage.
The wyvern bites you but does no damage.
You hit the wyvern.
The wyvern is moderately wounded.
The wyvern bites you! You block the wyvern's attack.
Something hits you but does no damage.
You hit the wyvern.
The wyvern is moderately wounded.
The wyvern hisses menacingly.
The wyvern closely misses you. Something hits you but does no damage.
The wyvern bites you!
You barely miss the wyvern.
The wyvern is moderately wounded.
The wyvern misses you. Something hits you but does no damage.
The wyvern bites you.
You hit the wyvern.
The wyvern is moderately wounded.
Something hits you. The wyvern bites you!
* * * LOW HITPOINT WARNING * * *
Something hits you but does no damage. The wyvern misses you.
Casting: Magic Dart (safe; 1% risk of failure)
Confirm with . or Enter, or press ? or * to list all spells.
Aiming: Searing Ray (safe; 1% risk of failure)
Press: ? - help, Shift-Dir - straight line, f - orc
Aim: an orc, wielding a +1 morningstar of pain and wearing a +0 leather armour (82% to hit)
The searing ray hits the wyvern.
The wyvern is heavily wounded.
The searing ray hits the orc!
You kill the orc!
Sif Muna accepts your kill. (Press . to maintain the ray.)
The wyvern bites you!
You die...

#...... #.....###
#.......###.
######........o..
#........(.).....
#................
#......).........
#.....{l##.#####.
#######@# .# ###
.# .# ..


You could see a wyvern.

Vanquished Creatures
  Prince Ribbit (D:7)
  Duvessa (D:5)
  An orc warrior (D:6)
  Pargi (Sewer)
  2 black bears
  An ogre (D:5)
  A centaur (D:6)
  2 bullfrogs
  3 necrophages
  A gnoll sergeant (D:7)
  8 scorpions
  Dowan (D:5)
  3 orc priests (D:7)
  3 hounds
  2 jellies (D:6)
  An iguana (D:4)
  Natasha (thrice) (D:4)
  6 orc wizards
  A mummy (D:4)
  5 gnolls (D:7)
  9 adders
  An ufetubus (D:6)
  A worm (D:2)
  A dart slug (D:1)
  25 orcs
  4 ball pythons
  13 bats
  4 endoplasms
  7 giant cockroaches (D:4)
  3 goblins
  6 hobgoblins
  8 frilled lizards
  5 kobolds
  9 rats
143 creatures vanquished.

Vanquished Creatures (others)
  3 fungi (D:5)
3 creatures vanquished.

Grand Total: 146 creatures vanquished

Notes
Turn   | Place    | Note
-------+----------+-------------------------------------------
     0 | D:1      | Darius099 the Human Conjurer began the quest for the Orb.
     0 | D:1      | Reached XP level 1. HP: 13/13 MP: 3/3
   140 | D:1      | Reached XP level 2. HP: 19/19 MP: 3/5
   763 | D:1      | Found a faded altar of an unknown god.
   931 | D:2      | Reached XP level 3. HP: 24/24 MP: 4/6
   998 | D:2      | Learned a level 2 spell: Searing Ray
  1904 | D:3      | Identified the +7 long sword "Laubisiodu" {vamp, rElec}
  1973 | D:3      | Found a shimmering altar of Xom.
  2030 | D:3      | Found a shadowy altar of Dithmenos.
  2050 | D:3      | Identified the +1 leather armour of the Saviour {Int+2
                  | Dex+5}
  2063 | D:3      | Found a shimmering blue altar of Sif Muna.
  2122 | D:3      | Became a worshipper of Sif Muna the Loreminder
  2264 | D:3      | Identified the +1 robe of Yhyi {*Corrode Int+8}
  2408 | D:4      | Found Xoawyteo's General Store.
  2411 | D:4      | Reached XP level 4. HP: 30/30 MP: 5/7
  2465 | D:4      | Reached skill level 1 in Long Blades
  2465 | D:4      | Reached XP level 5. HP: 16/35 MP: 9/9
  2501 | D:4      | Noticed Natasha
  2506 | D:4      | Killed Natasha
  2595 | D:4      | Found a glowing drain.
  2637 | Sewer    | Entered a sewer
  2661 | Sewer    | Noticed Pargi
  2679 | Sewer    | Killed Pargi
  2680 | Sewer    | Reached skill level 5 in Conjurations
  2680 | Sewer    | Reached XP level 6. HP: 10/41 MP: 1/11
  2952 | D:4      | Found a sand-covered staircase.
  2962 | D:4      | Reached * piety under Sif Muna
  3248 | D:4      | Found a staircase to the Ecumenical Temple.
  3267 | D:4      | Noticed Natasha
  3273 | D:4      | Killed Natasha
  3274 | D:4      | Reached XP level 7. HP: 46/46 MP: 6/13
  3280 | D:4      | Noticed Natasha
  3282 | D:4      | Found Iroas's Armour Emporium.
  3289 | D:4      | Killed Natasha
  3369 | D:4      | Bought a +0 cloak for 49 gold pieces
  3369 | D:4      | Bought a +0 pair of gloves for 49 gold pieces
  3717 | D:5      | Entered Level 5 of the Dungeon
  3881 | D:5      | Reached skill level 6 in Conjurations
  4098 | D:5      | Reached XP level 8. HP: 52/52 MP: 15/15
  4269 | D:5      | Reached skill level 5 in Spellcasting
  4383 | D:5      | Noticed Duvessa
  4389 | D:5      | Noticed Dowan
  4402 | D:5      | Killed Duvessa
  4414 | D:5      | Killed Dowan
  4415 | D:5      | Reached skill level 5 in Long Blades
  4515 | D:5      | Reached skill level 7 in Conjurations
  5041 | D:6      | Reached XP level 9. HP: 57/57 MP: 9/17
  5099 | D:6      | Found an opulent altar of Gozag.
  5125 | D:6      | Learned a level 3 spell: Dazzling Flash
  5149 | D:6      | Reached ** piety under Sif Muna
  5513 | D:6      | Found the +4 robe of Augmentation {Str+4 Int+4 Dex+4}
  6659 | D:7      | Reached skill level 8 in Conjurations
  6825 | D:7      | Noticed Prince Ribbit
  6831 | D:7      | Killed Prince Ribbit
  6832 | D:7      | Reached skill level 1 in Shields
  7039 | D:7      | Found a blossoming altar of Fedhas.
  7039 | D:7      | Found a hazy altar of Hepliaklqana.
  7351 | D:8      | Mangled by a wyvern

Illustrated notes

Levels and vault maps discovered:
D:1:      nicolae_arrival_washed_ashore, layout_rooms,
          chequers_ecumenical_altar_grove, minmay_misc_feat_diagonals
D:2:      layout_basic
D:3:      layout_rooms, mainiacjoe_overflow_alcove_4,
          mainiacjoe_overflow_large_starburst
D:4:      layout_basic, minmay_temple_entry_large_hall, gup_sewer_entry_spiral,
          gup_ossuary_entry_pyramid, serial_shops, shop, nicolae_stop_n_shop_2,
          hangedman_abyss_or_decor_stagger, uniq_natasha
D:5:      old_forge, layout_loops_ring, uniq_duvessa
D:6:      layout_rooms, mainiacjoe_overflow_catwalk, minivault_10
D:7:      nicolae_cairo_tiling_large, layout_gridville,
          gammafunk_temple_overflow_wave, david_defended_altar_orc,
          uniq_prince_ribbit1
D:8:      layout_basic, uniq_pikel

Skill      XL: |  1  2  3  4  5  6  7  8  9 |
---------------+----------------------------+-----
Long Blades    | 1 2 3 4 5 6 |  6.8
Spellcasting   | 3 4 5 6 |  6.9
Conjurations   | 5 6 7 8 |  8.0
Shields        | 1 |  1.9
Dodging        | |  2.3
Stealth        | |  2.4

Action                     |  1- 3 |  4- 6 |  7- 9 || total
---------------------------+-------+-------+-------++-------
  Melee: Unarmed           |     1 |       |       ||     1
         Long sword        |     1 |    52 |   115 ||   168
         Punch             |       |       |     1 ||     1
   Cast: Magic Dart        |    59 |     5 |    71 ||   135
         Searing Ray       |       |    12 |    34 ||    46
    Use: Scroll            |       |       |     5 ||     5
         Potion            |       |       |     1 ||     1
   Stab: Sleeping          |       |     2 |     3 ||     5
 Armour: Leather armour    |       |    27 |    67 ||    94
  Dodge: Dodged            |     9 |    59 |   123 ||   191
  Block: Kite shield       |       |       |     9 ||     9

Table legend: (Time is in decaauts)
 A = Elapsed time spent in this place.
 B = Non-inter-level travel time spent in this place.
 C = Inter-level travel time spent in this place.
 D = Time resting spent in this place.
 E = Time spent auto-exploring this place.
 F = Levels seen in this place.
 G = Mean time per level.
                   A        B        C        D        E       F      G
               +--------+--------+--------+--------+--------+-----+--------+
         Total |   7424 |   7026 |    398 |   1581 |   3252 |   9 |  824.9 |
       Dungeon |   7243 |   6845 |    398 |   1487 |   3252 |   8 |  905.4 |
         Sewer |    180 |    180 |      0 |     94 |      0 |   1 |  180.0 |
               +--------+--------+--------+--------+--------+-----+--------+

Top non-repeatable levels by time:
     D:7: 1412 daAuts
     D:5: 1398 daAuts
     D:4: 1182 daAuts
     D:2: 1082 daAuts
     D:6: 816 daAuts
     D:1: 807 daAuts
     D:3: 516 daAuts
   Sewer: 180 daAuts
     D:8: 26 daAuts
